 Dungeon Sprint DCSS version 0.19.0-20-gbc5f0c6 (webtiles) character file.

3248 equalderp2856 the Eviscerator (level 9, -12/46 HPs)
             Began as a Felid Fighter on Nov 16, 2016.
             Mangled by a vault warden
             ... wielding a +0 long sword of flaming
              (19 damage)
             ... in the Dungeon (Sprint IX: "|||||||||||||||||||||||||||||").
             The game lasted 00:12:11 (5033 turns).

equalderp2856 the Eviscerator (Felid Fighter)       Turns: 5033, Time: 00:12:12

Health: -12/46     AC: -6    Str: 16    XL:     9   Next: 67%
Magic:  11/11      EV: 34    Int: 10    God:
Gold:   667        SH:  0    Dex: 18    Spells: 0 memorised, 8 levels left
                                        Lives:  0   Deaths: 3

rFire  . . .     SeeInvis +       - Unarmed
rCold  . . .     Gourm    .     (armour unavailable)
rNeg   . . .     Faith    .     (shield unavailable)
rPois  .         Spirit   .     (helmet unavailable)
rElec  .         Reflect  .     (cloak unavailable)
rCorr  .         Harm     .     (gloves unavailable)
MR     +....     NoTele   +     (boots unavailable)
Stlth  ++++++....               (no amulet)
                                n - +3 ring of strength
                                m - +2 ring of evasion

@: corroded, quick
A: no armour, no weapons or thrown items, stealth, claws 1, fangs 3, see
invisible, carnivore 3, speed 1, shaggy fur 2, slow metabolism 1, sharp paws
a: no special abilities


You were in the Dungeon.
You were not hungry.

You visited 1 branch You collected 667 gold pieces.

Inventory:

Jewellery
 m - a +2 ring of evasion (left paw)
 n - a +3 ring of strength (right paw)
Wands
 l - a wand of lightning (5/15)
Scrolls
 h - 5 scrolls of blinking
 j - 3 scrolls of remove curse
 k - 4 scrolls of amnesia
 q - a scroll of recharging
 r - a scroll of fear
 s - a scroll of identify
 t - a scroll of fog
Potions
 a - a potion of might
 c - a potion of invisibility
 d - a potion of heal wounds
 e - 2 potions of haste
 f - 4 potions of magic
 g - a potion of berserk rage
 i - 4 potions of curing
 o - 2 potions of brilliance
 p - a potion of agility
Comestibles
 b - 13 meat rations


   Skills:
 + Level 9.6 Fighting
 + Level 15.4 Dodging
 + Level 13.8 Stealth
 + Level 22.4 Unarmed Combat
 + Level 2.1 Evocations


You had 8 spell levels left.
You didn't know any spells.

Dungeon Overview and Level Annotations

Branches:
Dungeon (1/1)

Altars:
Cheibriados
Dithmenos
Elyvilon
Fedhas
Gozag
Hepliaklqana
Kikubaaqudgha
Makhleb
Nemelex Xobeh
Okawaru
Qazlal
Ru
Sif Muna
Trog
Uskayaw
Vehumet
Xom
Yredelemnul
Zin
The Shining One
Beogh
Jiyva
Lugonu


Innate Abilities, Weirdness & Mutations

You cannot wear armour.
You are incapable of wielding weapons or throwing items.
Your paws allow you to move quietly. (Stealth)
You have sharp claws.
You have razor-sharp teeth.
You have supernaturally acute eyesight. (SInv)
You are carnivorous and can eat meat at any time.
You cover ground quickly.
You are covered in thick fur. (AC +2)
You have a slow metabolism.
Your sharp claws are effective at attacking unaware monsters.


Message History

The vault warden is moderately wounded.
You mangle the vault warden!!
The vault warden is heavily wounded.
The orc knight roars a battlecry!
The orc knight goes into a battle-frenzy!
The vault warden completely misses you.
You barely miss the vault warden.
You bite the vault warden, but do no damage.
The vault warden is heavily wounded.
You mangle the vault warden!!
The vault warden is almost dead.
The vault warden completely misses you.
You scratch the vault warden.
You bite the vault warden, but do no damage.
The vault warden is almost dead.
You scratch the vault warden but do no damage.
Your bite misses the vault warden.
The vault warden is almost dead.
The vault warden hits you with a long sword of flaming!!
You die...

.▓.▓
▓.▓.▓.▓
▓.▓.▓
.▓.▓
▓(▓.▓.▓
▓.▓.▓
'▓.▓
▓(▓.▓.▓
▓.▓.▓
.▓.▓
▓.▓(▓.▓
▓.▓.▓
.▓.▓
▓(▓.▓.▓
▓.▓.▓
[▓.▓
▓.▓.▓.▓
▓.▓.▓
[▓.▓
▓.▓.▓.▓
▓.▓.▓
[▓.▓
▓'▓.▓.▓
▓+▓.▓
[▓.▓
▓)▓.▓.▓
▓@▓.▓
.▓.▓
▓(▓.▓.▓
▓p▓.▓
%▓.▓
▓.▓.▓†▓
▓a▓.▓
'▓.▓
▓.▓.▓m▓
▓p▓.▓
.▓.▓
▓(▓.▓m▓
▓o▓.▓
(▓.▓
▓.▓.▓.▓
▓T▓.▓
.▓.▓
▓.▓.▓.▓
▓W▓.▓
.▓.▓
▓.▓.▓m▓
▓o▓.▓
.▓.▓
▓C▓.▓H▓
▓.▓


You could see 2 vault wardens, an entropy weaver, 2 orc knights, a deep troll
and a freezing wraith.

Vanquished Creatures
  A frost giant (D)
  A stone giant (D)
  Snorg (D)
  An ettin (D)
  A yaktaur captain (D)
  A tengu warrior (D)
  An orc high priest (D)
  A vampire mage (D)
  2 hill giants (D)
  An orc knight (D)
  A cyclops (D)
  2 manticores (D)
  An elephant (D)
  A black mamba (D)
  A water nymph (D)
  A yaktaur (D)
  4 spiny frogs (D)
  A freezing wraith (D)
  2 trolls (D)
  A blink frog (D)
  2 tyrant leeches (D)
  A hippogriff (D)
  A basilisk (shapeshifter) (D)
  2 basilisks (D)
  2 vampire mosquitoes (D)
  A soldier ant (D)
  2 orc warriors (D)
  A wolf (D)
  A centaur (D)
  4 crocodiles (D)
  8 bullfrogs (D)
  2 hounds (D)
  2 orc priests (D)
  3 orc wizards (D)
  A worker ant (D)
  A hell rat (D)
  A shadow imp (D)
  An adder skeleton (D)
  A dart slug (D)
  9 orcs (D)
  A giant cockroach (D)
  A goblin (D)
  3 bats (D)
  A jackal zombie (D)
  A leopard gecko skeleton (D)
79 creatures vanquished.

Vanquished Creatures (others)
  An orc high priest (D)
1 creature vanquished.

Grand Total: 80 creatures vanquished

Notes
Turn   | Place    | Note
-------+----------+-------------------------------------------
     0 | D        | equalderp2856 the Felid Fighter began the quest for the Orb.
     0 | D        | Reached XP level 1. HP: 10/10 MP: 2/2
    18 | D        | Reached skill level 5 in Unarmed Combat
   170 | D        | Noticed a hound
   170 | D        | Noticed a worker ant
   172 | D        | Reached XP level 2. HP: 14/14 MP: 3/3
   183 | D        | Reached skill level 5 in Dodging
   183 | D        | Reached skill level 6 in Unarmed Combat
   183 | D        | Reached XP level 3. HP: 4/18 MP: 4/4
   189 | D        | Reached skill level 7 in Unarmed Combat
   244 | D        | Found a roughly hewn altar of Beogh.
   244 | D        | Found a snail-covered altar of Cheibriados.
   244 | D        | Found a shadowy altar of Dithmenos.
   244 | D        | Found a white marble altar of Elyvilon.
   244 | D        | Found a blossoming altar of Fedhas.
   244 | D        | Found an opulent altar of Gozag.
   245 | D        | Found a hazy altar of Hepliaklqana.
   246 | D        | Found a viscous altar of Jiyva.
   247 | D        | Found an ancient bone altar of Kikubaaqudgha.
   248 | D        | Found a corrupted altar of Lugonu.
   249 | D        | Found a burning altar of Makhleb.
   250 | D        | Found a sparkling altar of Nemelex Xobeh.
   251 | D        | Found an iron altar of Okawaru.
   252 | D        | Found a stormy altar of Qazlal.
   253 | D        | Found a sacrificial altar of Ru.
   254 | D        | Found a deep blue altar of Sif Muna.
   255 | D        | Found a bloodstained altar of Trog.
   256 | D        | Found a hide-covered altar of Uskayaw.
   257 | D        | Found a radiant altar of Vehumet.
   258 | D        | Found a shimmering altar of Xom.
   259 | D        | Found a basalt altar of Yredelemnul.
   260 | D        | Found a glowing silver altar of Zin.
   261 | D        | Found a glowing golden altar of the Shining One.
   286 | D        | Noticed a hill giant
   286 | D        | Noticed a bullfrog
   292 | D        | Killed a bullfrog
   292 | D        | Reached skill level 1 in Stealth
   292 | D        | Reached skill level 8 in Unarmed Combat
   292 | D        | Reached XP level 4. HP: 22/22 MP: 5/5
   297 | D        | Reached skill level 5 in Fighting
   297 | D        | Reached skill level 9 in Unarmed Combat
   297 | D        | Reached XP level 5. HP: 12/26 MP: 6/6
   434 | D        | Killed a hill giant
   434 | D        | Reached skill level 12 in Unarmed Combat
   434 | D        | Gained mutation: You are covered in thick fur. (AC +2) [Felid growth]
   434 | D        | Reached XP level 6. HP: 27/31 MP: 7/7
   434 | D        | Reached XP level 7. HP: 30/35 MP: 8/8
   487 | D        | Noticed a hill giant
   487 | D        | Noticed a troll
   490 | D        | Reached skill level 10 in Dodging
   538 | D        | Reached skill level 13 in Unarmed Combat
   551 | D        | HP: 1/36 [troll (15)]
   783 | D        | HP: 1/36 [troll (11)]
   786 | D        | Killed a troll
   786 | D        | Reached skill level 1 in Evocations
   786 | D        | Reached XP level 8. HP: 30/40 MP: 9/9
   797 | D        | Killed a hill giant
   797 | D        | Reached skill level 5 in Stealth
   797 | D        | Reached skill level 14 in Unarmed Combat
  1070 | D        | Noticed a spiny frog
  1070 | D        | Noticed a spiny frog
  1074 | D        | Reached skill level 15 in Unarmed Combat
  1076 | D        | Noticed a black mamba
  1079 | D        | Killed a spiny frog
  1082 | D        | Reached XP level 9. HP: 44/44 MP: 9/11
  1125 | D        | HP: 2/44 [poisoned by a spiny frog]
  1130 | D        | HP: 2/44 [poisoned by a spiny frog]
  1135 | D        | HP: 2/44 [poisoned by a spiny frog]
  1524 | D        | Killed a spiny frog
  1524 | D        | Reached skill level 16 in Unarmed Combat
  1567 | D        | Killed a black mamba
  1577 | D        | Noticed an elephant
  1578 | D        | Noticed a spiny frog
  1763 | D        | Killed an elephant
  1763 | D        | Reached skill level 17 in Unarmed Combat
  1767 | D        | Killed a spiny frog
  1767 | D        | Reached XP level 10. HP: 33/48 MP: 12/12
  2042 | D        | Noticed a spiny frog
  2045 | D        | Killed a spiny frog
  2045 | D        | Reached skill level 10 in Stealth
  2050 | D        | Reached skill level 18 in Unarmed Combat
  3006 | D        | Noticed an orc knight
  3006 | D        | Noticed an orc high priest
  3212 | D        | Killed an orc high priest
  3212 | D        | Reached skill level 19 in Unarmed Combat
  3321 | D        | Killed an orc knight
  3590 | D        | Noticed an orc sorcerer
  3590 | D        | Noticed an orc high priest
  3606 | D        | Noticed an orc knight
  3606 | D        | Killed an orc high priest
  3607 | D        | Killed from afar by an orc sorcerer
  3608 | D        | Reached XP level 9. HP: -5/45 MP: 11/11
  3666 | D        | Noticed Snorg
  3673 | D        | Killed Snorg
  3673 | D        | Reached skill level 20 in Unarmed Combat
  3673 | D        | Reached XP level 10. HP: 49/49 MP: 12/12
  3712 | D        | Noticed a tengu warrior
  3712 | D        | Noticed a yaktaur captain
  3712 | D        | Noticed a vampire mage
  3712 | D        | Noticed a frost giant
  3712 | D        | Noticed a stone giant
  3713 | D        | Noticed an ettin
  3727 | D        | Killed a tengu warrior
  3965 | D        | Killed a yaktaur captain
  3993 | D        | Killed a frost giant
  3993 | D        | Reached skill level 21 in Unarmed Combat
  4009 | D        | Noticed a jiangshi
  4020 | D        | Killed a stone giant
  4020 | D        | Reached XP level 11. HP: 10/53 MP: 13/13
  4241 | D        | Killed a vampire mage
  4433 | D        | Killed an ettin
  4433 | D        | Reached skill level 15 in Dodging
  4457 | D        | Reached skill level 22 in Unarmed Combat
  4697 | D        | Hit by a large rock thrown by a cyclops
  4698 | D        | Reached XP level 10. HP: -5/49 MP: 12/12
  4705 | D        | Noticed a cyclops
  4705 | D        | Noticed a water nymph
  4705 | D        | Noticed a manticore
  4705 | D        | Noticed a merfolk impaler
  4706 | D        | Noticed a siren
  4708 | D        | Noticed a manticore
  4711 | D        | Killed a cyclops
  4855 | D        | Killed a water nymph
  4857 | D        | Killed a manticore
  4860 | D        | Noticed a merfolk javelineer
  4863 | D        | HP: 2/49 [merfolk impaler/demon trident of electrocution (16)]
  4864 | D        | Slain by a merfolk impaler
  4865 | D        | Reached XP level 9. HP: 0/46 MP: 11/11
  5021 | D        | Noticed a vault warden
  5021 | D        | Noticed an entropy weaver
  5021 | D        | Noticed a vault warden
  5021 | D        | Noticed an orc knight
  5021 | D        | Noticed a deep troll
  5022 | D        | Noticed a freezing wraith
  5024 | D        | Noticed an orc knight
  5033 | D        | Mangled by a vault warden

Skill      XL: |  1  2  3  4  5  6  7  8  9 10 11 |
---------------+----------------------------------+-----
Unarmed Combat | 5 6 8 9 12 13 15 20 21 22 | 22.4
Fighting       | 4 5 6 7 8 9 |  9.6
Dodging        | 5 7 9 10 12 13 14 15 | 15.4
Stealth        | 1 4 6 9 13 | 13.8
Evocations     | 1 2 |  2.1

Action                   |  1- 3 |  4- 6 |  7- 9 | 10-12 || total
-------------------------+-------+-------+-------+-------++-------
Melee: Unarmed           |    36 |    18 |    95 |   217 ||   366
       Bite              |     5 |     1 |    10 |    30 ||    46
       Punch             |     2 |     1 |     9 |    24 ||    36
Evoke: Wand              |       |     2 |       |       ||     2
  Use: Potion            |     1 |       |     2 |     3 ||     6
 Stab: Distracted        |     1 |       |     3 |     1 ||     5
       Sleeping          |       |       |     3 |     3 ||     6
  Eat: Chunk             |       |       |     4 |       ||     4
Armor: Skin              |     1 |       |     2 |     4 ||     7
Dodge: Dodged            |    29 |    11 |    67 |   136 ||   243
